 Dungeon Crawl Stone Soup version 0.26-a0-663-g36e8fdb655 (webtiles) character file.

Game seed: 15310693128005660657

649217 rogsnak the Ruinous (level 27, -1/158 HPs)
             Began as a Pale Draconian Fire Elementalist on Oct 6, 2020.
             Was the Champion of Sif Muna.
             Killed from afar by a starcursed mass (6 damage)
             ... with an accursed screaming
             ... on level 5 of the Abyss on Oct 10, 2020.
             The game lasted 06:57:44 (83128 turns).

rogsnak the Ruinous (DrFE)                         Turns: 83128, Time: 06:57:44

Health: -1/158     AC: 23    Str: 14      XL:     27
Magic:  32/59      EV: 31    Int: 36      God:    Sif Muna [******]
Gold:   8040       SH: 14    Dex: 12 (13) Spells: 12/72 levels left

rFire    + + +     SeeInvis +   N - +0 staff of Battle
rCold    + + .     Faith    .   h - +2 shield of Resistance {rF++ rC++ MR++}
rNeg     + . .     Spirit   .   (armour unavailable)
rPois    +         Reflect  .   E - +3 crown of Dyrovepreva {rElec Int+2 SInv}
rElec    +         Harm     .   b - +2 cloak {rC+}
rCorr    .         Rampage  .   O - +2 pair of gloves of the Weaver {rN+}
MR       ++++.     Rnd*Tele +   l - +0 pair of boots
Stlth    ++........             a - amulet "Boiwudav" {Acrobat rPois rF+ rC- Str+4}
HPRegen  0.00/turn              S - +6 ring of intelligence
MPRegen  0.36/turn              Q - ring of Creativity {MP+9 Int+4 Slay-4}

@: acrobat, non-regenerating, mildly diseased, studying 3 skills
A: breathe steam, unfitting armour, horns 1, stinger 1, [dopey 1], [frail 2],
strong 1, teleportitis 1, [weak 2], no potion heal 1, cold-blooded, [subdued
magic 2], AC +13
}: 4/15 runes: serpentine, barnacled, slimy, silver
a: Breathe Steam, Channel Magic, Forget Spell, Divine Exegesis, Renounce
Religion


You were on level 5 of the Abyss.
You worshipped Sif Muna.
Sif Muna was exalted by your worship.
You visited 10 branches of the dungeon, and saw 50 of its levels.
You visited the Abyss 2 times.
You also visited: Trove, Sewer and Ice Cave.

You collected 9745 gold pieces.
You spent 1705 gold pieces at shops.

Inventory:

Hand Weapons
 N - the +0 staff of Battle (weapon)
   (You acquired it on level 6 of the Lair of Beasts)
 T - a +9 trishula of holy wrath
Missiles
 g - 5 boomerangs of dispersal (quivered)
Armour
 b - a +2 cloak of cold resistance (worn)
 h - the +2 shield of Resistance (worn) {rF++ rC++ MR++}
   (You found it on level 5 of the Pits of Slime)

   It greatly protects you from fire.
   It greatly protects you from cold.
   It affects your resistance to hostile enchantments.
 l - a +0 pair of boots (worn)
 E - the +3 crown of Dyrovepreva (worn) {rElec Int+2 SInv}
   (You bought it in a shop on level 2 of the Snake Pit)

   It affects your intelligence (+2).
   It insulates you from electricity.
   It lets you see invisible.
 O - the +2 pair of gloves of the Weaver (worn) {rN+}
   (You found it on level 5 of the Pits of Slime)

   It protects you from negative energy.
Magical Staves
 L - an uncursed staff of fire
Jewellery
 a - the amulet "Boiwudav" (around neck) {Acrobat rPois rF+ rC- Str+4}
   (You bought it in a shop on level 11 of the Dungeon)

   [amulet of the acrobat]

   It helps you evade while moving and waiting.
   It affects your strength (+4).
   It protects you from fire.
   It makes you vulnerable to cold.
   It protects you from poison.
 c - an uncursed amulet of magic regeneration
 s - the ring "Yleudet" {rF+ SInv}
   (You found it on level 2 of the Lair of Beasts)

   [ring of see invisible]

   It protects you from fire.
   It lets you see invisible.
 w - an uncursed ring of resist corrosion
 P - an uncursed ring of positive energy
 Q - the ring of Creativity (right hand) {MP+9 Int+4 Slay-4}
   (You found it on level 10 of the Dungeon)

   [ring of slaying]

   It affects your intelligence (+4).
   It affects your accuracy and damage with ranged weapons and melee attacks
   (-4).
   It affects your magic capacity (+9).
 S - a +6 ring of intelligence (left hand)
 W - the amulet "Divvaepa" {rN+ Regen+ Stlth+}
   (You acquired it on level 2 of the Depths)

   [amulet of regeneration]

   It protects you from negative energy.
   It increases your rate of regeneration.
   It makes you more stealthy.
 Z - an uncursed ring of flight
Wands
 t - a wand of flame (21)
 x - a wand of iceblast (51)
 H - a wand of acid (30)
 R - a wand of paralysis (58)
 Y - a wand of digging (13)
Scrolls
 e - 2 scrolls of summoning
 j - 10 scrolls of identify
 n - 6 scrolls of immolation
 p - 15 scrolls of teleportation
 u - 3 scrolls of fear
 y - 34 scrolls of remove curse
 A - 8 scrolls of blinking
 F - 5 scrolls of enchant weapon
 I - 9 scrolls of fog
 K - 14 scrolls of enchant armour
 X - 5 scrolls of holy word
Potions
 i - 15 potions of might
 k - 13 potions of brilliance
 m - 9 potions of cancellation
 o - 26 potions of curing
 q - 8 potions of heal wounds
 v - a potion of stabbing
 z - 6 potions of ambrosia
 B - 6 potions of invisibility
 G - 6 potions of magic
 J - 7 potions of resistance
 M - 2 potions of mutation
 U - 4 potions of haste
 V - 14 potions of flight
Books
 d - a manual of Summonings
 f - a manual of Invocations
 r - a manual of Hexes
Miscellaneous
 C - a phantom mirror


   Skills:
 + Level 7.0 Fighting
   Level 1.9 Axes
 + Level 9.0 Dodging
 - Level 3.0 Stealth
 + Level 13.4 Shields
 + Level 23.3 Spellcasting
 + Level 23.7 Conjurations
 + Level 12.0 Summonings
 + Level 2.4 Translocations
 + Level 21.0 Fire Magic
 + Level 15.2 Earth Magic
 + Level 7.0 Invocations
 + Level 4.4 Evocations


You had 12 spell levels left.
You knew the following spells:

 Your Spells              Type           Power        Failure   Level
a - Foxfire               Conj/Fire      ####         0%          1
b - Sticky Flame          Conj/Fire      ########     0%          4
c - Fireball              Conj/Fire      ########..   0%          5
d - Iskenderun's Battles  Conj           ########     0%          5
e - Iron Shot             Conj/Erth      ########..   0%          6
f - Blink                 Tloc           N/A          1%          2
g - Spellforged Servitor  Conj/Summ      ########..   1%          7
h - Lee's Rapid Deconstr  Erth           #######...   0%          5
i - Ignition              Fire           #######...   1%          8
j - Fire Storm            Conj/Fire      ########..   4%          9
k - Lehudib's Crystal Sp  Conj/Erth      ########..   1%          8

Your spell library contained the following spells:

 Spells                   Type           Power        Failure   Level
 Magic Dart               Conj           ####         0%          1
 Sandblast                Erth           ######       0%          1
 Shock                    Conj/Air       ####         0%          1
 Summon Small Mammal      Summ           ####         0%          1
 Call Imp                 Summ           ######..     0%          2
 Passwall                 Tmut/Erth      ######..     0%          2
 Searing Ray              Conj           ######       0%          2
 Call Canine Familiar     Summ           ######..     0%          3
 Conjure Flame            Conj/Fire      ########     0%          3
 Dazzling Flash           Conj/Hex       ######       0%          3
 Inner Flame              Hex/Fire       ######..     0%          3
 Static Discharge         Conj/Air       #######.     0%          3
 Stone Arrow              Conj/Erth      ######       0%          3
 Fulminant Prism          Conj/Hex       #######...   0%          4
 Hailstorm                Conj/Ice       #######.     0%          4
 Iskenderun's Mystic Bla  Conj/Tloc      #######.     0%          4
 Bolt of Magma            Conj/Fire/Erth ########..   0%          5
 Starburst                Conj/Fire      ########..   0%          6
 Orb of Destruction       Conj           ########..   0%          7
 Animate Skeleton         Necr           ####..       1%          1
 Apportation              Tloc           #####.       1%          1
 Beastly Appendage        Tmut           ####..       1%          1
 Corona                   Hex            ####...      1%          1
 Freeze                   Ice            ####         1%          1
 Pain                     Necr           ####         1%          1
 Sting                    Tmut/Pois      ####         1%          1
 Corpse Rot               Necr/Air       N/A          1%          2
 Ensorcelled Hibernation  Hex/Ice        ####..       1%          2
 Poisonous Vapours        Pois/Air       ####..       1%          2
 Slow                     Hex            ####....     1%          2
 Sublimation of Blood     Necr           ####......   1%          2
 Swiftness                Air            ####....     1%          2
 Wereblood                Tmut           ####....     1%          2
 Confusing Touch          Hex            ####....     1%          3
 Frozen Ramparts          Ice            ####..       1%          3
 Gell's Gravitas          Tloc           #####.....   1%          3
 Ignite Poison            Fire/Tmut/Pois ######..     1%          3
 Lesser Beckoning         Tloc           #####.....   1%          3
 Mephitic Cloud           Conj/Pois/Air  #######.     1%          3
 Ozocubu's Armour         Ice            ####....     1%          3
 Portal Projectile        Hex/Tloc       ####..       1%          3
 Spider Form              Tmut/Pois      ####......   1%          3
 Summon Guardian Golem    Hex/Summ       ######..     1%          3
 Teleport Other           Tloc           #####...     1%          3
 Tukima's Dance           Hex            ####....     1%          3
 Vampiric Draining        Necr           ####......   1%          3
 Leda's Liquefaction      Hex/Erth       ######....   1%          4
 Passage of Golubria      Tloc           N/A          1%          4
 Petrify                  Tmut/Erth      ######..     1%          4
 Summon Ice Beast         Ice/Summ       ######..     1%          4
 Summon Lightning Spire   Summ/Air       ######..     1%          4
 Borgnjor's Vile Clutch   Necr/Erth      ######....   1%          5
 Irradiate                Conj/Tmut      #######...   1%          5
 Lightning Bolt           Conj/Air       #######...   1%          5
 Summon Demon             Summ           ######....   1%          5
 Summon Forest            Summ/Tloc      ######....   1%          5
 Summon Mana Viper        Hex/Summ       ######..     1%          5
 Conjure Ball Lightning   Conj/Air       #######...   1%          6
 Shadow Creatures         Summ           N/A          1%          6
 Freezing Cloud           Conj/Ice/Air   #######...   2%          6
 Statue Form              Tmut/Erth      ######...    2%          6
 Monstrous Menagerie      Summ           ######....   2%          7
 Summon Greater Demon     Summ           ######....   2%          7
 Summon Hydra             Summ           ######....   2%          7
 Airstrike                Air            ####......   4%          4
 Animate Dead             Necr           ####......   4%          4
 Cause Fear               Hex            ####......   4%          4
 Dispel Undead            Necr           ####....     4%          4
 Ice Form                 Ice/Tmut       ####....     4%          4
 Olgreb's Toxic Radiance  Pois           ####....     4%          4
 Agony                    Necr           ####....     13%         5
 Alistair's Intoxication  Tmut/Pois      ####.....    13%         5
 Blade Hands              Tmut           ####......   13%         5
 Excruciating Wounds      Necr           ####......   13%         5
 Metabolic Englaciation   Hex/Ice        ####......   13%         5
 Silence                  Hex/Air        ####......   13%         5
 Yara's Violent Unravell  Hex/Tmut       ####......   13%         5
 Malign Gateway           Summ/Tloc      ######....   22%         7
 Summon Horrible Things   Summ           ######....   24%         8
 Chain Lightning          Conj/Air       #######...   26%         8
 Dispersal                Tloc           #####.....   28%         6
 Haunt                    Necr/Summ      ######....   36%         7
 Death Channel            Necr           ####......   63%         6
 Eringya's Noxious Bog    Tmut/Pois      ####......   63%         6
 Hydra Form               Tmut           ####......   63%         6
 Invisibility             Hex            ####....     63%         6
 Ozocubu's Refrigeration  Ice            ####......   63%         6
 Simulacrum               Ice/Necr       ####......   63%         6
 Shatter                  Erth           #######...   73%         9
 Dragon Form              Tmut           ####......   99%         7
 Dragon's Call            Summ           ######....   99%         9
 Borgnjor's Revivificati  Necr           ####......   100%        8
 Discord                  Hex            ####......   100%        8
 Disjunction              Tloc           #####.....   100%        8
 Infestation              Necr           ####......   100%        8
 Necromutation            Tmut/Necr      ####......   100%        8
 Absolute Zero            Ice            ####......   100%        9
 Death's Door             Necr           ####......   100%        9
 Tornado                  Air            ####......   100%        9


Dungeon Overview and Level Annotations

Branches:
Dungeon (15/15)            Temple (1/1) D:4            Lair (6/6) D:9
 Shoals (4/4) Lair:3        Snake (4/4) Lair:2        Slime (5/5) Lair:5
    Orc (2/2) D:11            Elf (3/3) Orc:2        Vaults (5/5) D:14
  Crypt (0/3) Vaults:3     Depths (5/5) D:15            Zot (0/5) Depths:5
  Sewer (visited)           IceCv (visited)

Altars:
Ashenzari
Cheibriados
Dithmenos
Elyvilon
Fedhas
Gozag
Hepliaklqana
Kikubaaqudgha
Makhleb
Nemelex Xobeh
Okawaru
Qazlal
Ru
Sif Muna
Trog
Uskayaw
Vehumet
Wu Jian
Xom
Yredelemnul
Zin
The Shining One
Beogh
Jiyva

Shops:
D:11 *[:*(   Orc:2 *:::(   Elf:3 :   Shoals:2 *   Shoals:3 (   Snake:1 (==}
Snake:2 *   Vaults:2 (   Vaults:5 }

Portals:
Hell: Depths:1 Depths:2 Depths:3 Depths:4 Depths:5
Abyss: Depths:3 Depths:4 Depths:5
Pandemonium: Depths:2 Depths:3
Ziggurat: Depths:4

Annotations:
D:12 Frances
Orc:1 1 runed translucent door, grandjackal's ghost, journeyman DsGl


Innate Abilities, Weirdness & Mutations

You can breathe blasts of scalding, opaque steam.
Your pale cyan-grey scales are hard. (AC +13)
You cannot fit into any form of body armour.
You are cold-blooded and may be slowed by cold attacks.
You have a pair of small horns on your head.
Your tail ends in a poisonous barb.
Your muscles are strong. (Str +2)
You are occasionally teleported next to monsters.
Potions are less effective at restoring your health.
[You are dopey. (Int -2)]
[You are very frail. (-20% HP)]
[You are very weak. (Str -4)]
[Your spells are easier to cast, but less powerful.]


Message History

The wretched star pulses with an eldritch light!
You feel weaker. x2
Casting: Iron Shot (safe; 0% risk of failure)
Confirm with . or Enter, or press ? or * to list all spells.
Aiming: Iron Shot (safe; 0% risk of failure)
Press: ? - help, Shift-Dir - straight line, f/p - wretched star
Aim: a wretched star (almost destroyed)
You feel a surge of power!
The iron shot hits the wretched star!!!
You destroy the wretched star!
Sif Muna accepts your kill.
Your battlesphere writhes in pain as voices assail its mind.
You swap places.
A starcursed mass comes into view.
A starcursed mass splits.
A starcursed mass comes into view.
A chorus of shrieks assaults your mind.
* * * LOW HITPOINT WARNING * * *
Unknown command.
A chorus of shrieks assaults your mind.
You die...

.# ...#.#
##....#..#
.
.##...#.#.
..
.....#..#
.....
#...#.#.#
.#
#.XX.X..#
. #.
##.##.#..
#..##*#.#
..
#..@ยง###
# ######


You could see 2 starcursed masses and a friendly battlesphere.

Vanquished Creatures
  the Royal Jelly (Slime:5)
  Mennas (Vaults:3)
  Sojobo (Depths:4)
  Frederick (Depths:5)
  Boris (Vaults:3)
  Vashnia (Snake:2)
  2 golden dragons (Depths:4)
  Nikola (Shoals:4)
  A caustic shrike (Depths:3)
  A bone dragon (Abyss:2)
  3 liches
  A Hell Sentinel (Abyss:1)
  5 tentacled monstrosities
  Jorgrun (Shoals:1)
  A quicksilver dragon (Vaults:5)
  2 deep elf master archers (Elf:3)
  4 titans
  A deep elf blademaster (Elf:3)
  13 acid blobs
  An acid blob (shapeshifter) (Depths:3)
  9 tentacled starspawn
  2 storm dragons (Depths:5)
  Kirke (D:13)
  7 sphinxes
  3 tengu reavers
  A revenant (Abyss:2)
  Roxanne (Shoals:4)
  5 shadow dragons
  8 nagarajas
  5 azure jellies
  8 fire giants
  An iron dragon (Vaults:5)
  10 vault wardens
  Aizul (Snake:1)
  7 frost giants
  7 deep elf sorcerers
  A ghost moth (Abyss:2)
  2 cacodemons
  7 deep elf elementalists
  An orc warlord (Elf:1)
  13 ironheart preservers
  The ghost of HilariousDeathArtist the Warrior, a journeyman SpAM of the Shining One (Depths:2)
  5 spriggan defenders
  30 very ugly things
  3 war gargoyles (Vaults:5)
  A black draconian (Depths:5)
  2 vampire knights
  The ghost of Melum the Severer, a journeyman MiHu of Uskayaw (Lair:4)
  13 stone giants
  2 white draconians (Depths:5)
  A lorocyproca (Abyss:2)
  5 spark wasps
  Azrael (D:12)
  A red draconian (Depths:5)
  A minotaur (Shoals:1)
  7 deep elf demonologists
  2 merfolk javelineers
  8 deep elf annihilators
  6 deep elf death magi
  A purple draconian (Depths:5)
  2 green deaths
  7 merfolk impalers
  12 fire dragons
  A crystal guardian (Vaults:3)
  12 rakshasas
  10 ettins
  8 great orbs of eyes
  3 deep elf high priests
  9 death oozes (Slime:5)
  A blizzard demon (Abyss:1)
  20 yaktaur captains
  A jiangshi (Depths:1)
  10 ice dragons
  34 vault guards
  2 spriggan air magi (Depths:3)
  7 hydras
  2 catoblepae
  2 boulder beetles
  11 naga warriors
  15 anacondas
  32 two-headed ogres
  A two-headed ogre (shapeshifter) (Abyss:2)
  4 merfolk aquamancers (Shoals:4)
  5 merfolk avatars
  2 alligator snapping turtles (Shoals:4)
  2 death knights
  9 centaur warriors
  23 dancing weapons
  11 deep troll earth magi
  10 ogre magi
  A satyr (Shoals:1)
  16 deep troll shamans
  5 spriggan berserkers
  7 thrashing horrors
  8 tengu warriors
  8 shock serpents
  7 death yaks
  16 naga sharpshooters
  16 small abominations
  3 orc high priests
  2 vampire magi
  28 deep elf knights
  8 wretched stars
  2 shadow wraiths
  4 sixfirhies
  5 salamander mystics
  5 iron trolls
  A spatial maelstrom (Abyss:3)
  A shadow demon (Abyss:4)
  3 hell knights
  An unseen horror (shapeshifter) (Vaults:2)
  12 sea snakes
  17 ironbrand convokers
  6 glowing orange brains
  5 skeletal warriors
  A naga ritualist (Snake:3)
  2 flayed ghosts
  32 deep trolls
  A glowing orange brain (shapeshifter) (Vaults:5)
  2 wizards
  11 nameless horrors
  An orange crystal statue (Depths:2)
  5 unseen horrors
  53 deep elf magi
  3 phantasmal warriors
  19 deep elf archers
  10 orc knights
  Pikel (D:7)
  4 harpies
  A lindwurm (Lair:5)
  6 necromancers
  2 oklob plants (Lair:6)
  9 fauns
  6 wolf spiders
  32 ugly things
  2 orc sorcerers
  A wolf spider (shapeshifter) (Vaults:5)
  3 shining eyes
  6 cyclopes
  28 salamanders
  8 manticores
  4 mana vipers
  8 worldbinders
  A moth of wrath (shapeshifter) (Vaults:4)
  A manticore (shapeshifter) (D:14)
  15 black mambas
  2 guardian serpents
  7 merfolk sirens
  An eye of devastation (Abyss:4)
  An eye of devastation (shapeshifter) (Vaults:1)
  3 ice statues
  24 naga magi
  Joseph (D:7)
  A torpor snail (Lair:6)
  3 apocalypse crabs
  8 vault sentinels
  4 centaur zombies
  8 water nymphs
  An orange demon (Abyss:1)
  3 smoke demons
  11 cane toads
  Maggie (D:9)
  2 kobold demonologists
  A komodo dragon (shapeshifter) (Vaults:3)
  44 yaktaurs
  2 efreet
  5 komodo dragons
  6 freezing wraiths
  4 tengu conjurers
  2 hellwings
  8 ancient zymes
  3 rime drakes
  4 ice devils
  21 polar bears
  3 meliai (Shoals:1)
  11 merfolk
  9 trolls
  10 hornets
  A polar bear (shapeshifter) (Vaults:4)
  5 wind drakes
  22 blink frogs
  15 raiju
  47 slime creatures
  4 dream sheep
  7 snapping turtles
  A slime creature (shapeshifter) (Depths:3)
  A blink frog (shapeshifter) (Depths:4)
  15 starcursed masses
  A snapping turtle (shapeshifter) (Vaults:5)
  Sigmund (D:6)
  12 water elementals
  3 air elementals
  9 large abominations
  A spriggan (shapeshifter) (Vaults:4)
  15 spriggans
  4 wraiths
  A flying skull (Abyss:1)
  3 shadows
  50 yaks
  2 vampires (Vaults:3)
  A wyvern (Lair:4)
  5 ynoxinuls
  5 basilisks
  A hog (shapeshifter) (Vaults:3)
  7 fire bats
  2 fire elementals (D:12)
  7 neqoxecs
  4 chaos spawn
  2 vampire mosquitoes (D:12)
  2 acid dragons (shapeshifter)
  63 nagas
  An acid dragon (Vaults:1)
  4 wargs
  Edmund (D:6)
  2 spatial vortices (Abyss:2)
  4 hell hounds
  19 water moccasins
  54 orc warriors
  6 sky beasts
  6 ice beasts
  An eye of draining (shapeshifter) (Depths:2)
  3 eyes of draining
  A necrophage (D:9)
  5 black bears
  3 phantoms
  40 centaurs
  38 ogres
  45 wolves
  13 boggarts
  2 tengu (shapeshifter)
  4 lemures (D:7)
  2 big kobolds (Sewer)
  Blork the orc (D:5)
  29 bullfrogs
  2 wyvern zombies
  A gnoll sergeant (D:8)
  3 wyvern skeletons
  5 scorpions
  2 orc simulacra (Vaults:1)
  21 killer bees
  6 wights
  An electric eel (Lair:2)
  3 howler monkeys
  2 crimson imps
  8 quasits
  A bullfrog zombie (D:9)
  A gnoll shaman (D:4)
  10 hounds
  5 jellies
  23 orc wizards
  4 bullfrog skeletons
  24 orc priests
  5 centaur skeletons
  3 iguanas
  An iron imp (Depths:3)
  Ijyb (D:3)
  6 worker ants
  4 hell rats (Lair:6)
  A hound skeleton (D:4)
  A howler monkey zombie (D:10)
  A worker ant zombie (D:10)
  An adder (shapeshifter) (Vaults:5)
  4 gnolls (D:8)
  21 adders
  8 river rats
  4 shadow imps
  21 white imps
  9 ufetubi
  3 oozes
  An adder zombie (D:5)
  2 adder skeletons
  A worm (D:2)
  A dart slug (D:3)
  5 leopard geckos
  95 orcs
  A ball python (shapeshifter) (Elf:3)
  9 giant cockroaches
  7 goblins
  9 hobgoblins
  16 jackals
  32 kobolds
  6 quokkas
  10 ball pythons
  5 bats
  6 frilled lizards
  A leopard gecko skeleton (D:4)
  A leopard gecko zombie (D:5)
  23 rats
  15 butterflies (Vaults:1)
  A crawling corpse (Elf:3)
  A lurking horror (Abyss:1)
  3 starspawn tentacles (Abyss:1)
2251 creatures vanquished.

Vanquished Creatures (collateral kills)
  A juggernaut (Depths:5)
  A golden dragon (Depths:3)
  A hellephant (Abyss:2)
  3 tentacled monstrosities
  A quicksilver dragon (Vaults:5)
  3 acid blobs
  2 titans (Vaults:5)
  2 deep elf blademasters
  Polyphemus (Shoals:4)
  A kraken (Shoals:1)
  4 tentacled starspawn
  4 sphinxes
  A draconian monk (Depths:5)
  2 storm dragons
  2 azure jellies (Slime:5)
  3 tengu reavers
  2 nagarajas (Snake:4)
  A draconian knight (Depths:5)
  2 deep elf sorcerers (Elf:3)
  3 fire giants
  8 frost giants
  2 daevas (Abyss:3)
  4 vault wardens
  9 stone giants
  11 very ugly things
  8 ironheart preservers
  A vampire knight (Depths:1)
  A reaper (Abyss:1)
  A deep elf demonologist (Elf:1)
  2 spark wasps (Depths:5)
  A deep elf annihilator (Vaults:1)
  A purple draconian (Depths:5)
  2 deep elf death magi (Elf:3)
  2 merfolk javelineers (Shoals:1)
  4 ettins
  A jiangshi (Depths:1)
  4 merfolk impalers
  2 great orbs of eyes
  A death ooze (Slime:3)
  A blizzard demon (Abyss:1)
  4 fire dragons
  10 yaktaur captains
  3 naga warriors (Snake:4)
  7 rakshasas
  4 centaur warriors
  An ice dragon (Depths:5)
  A spriggan air mage (Depths:4)
  2 alligator snapping turtles
  3 vault guards
  A merfolk aquamancer (Shoals:4)
  3 ogre magi
  11 dancing weapons
  6 deep troll shamans
  7 two-headed ogres
  A death yak (Shoals:4)
  5 deep troll earth magi
  4 naga sharpshooters (Snake:4)
  2 satyrs (Shoals:3)
  3 tengu warriors
  11 thrashing horrors
  3 soul eaters
  A shock serpent (Snake:4)
  A storm dragon zombie (Abyss:2)
  2 spriggans
  8 deep elf knights
  17 small abominations
  2 sun demons
  3 sixfirhies
  2 wretched stars (Abyss:2)
  9 hell knights
  4 iron trolls
  A shadow wraith (Abyss:1)
  23 starcursed masses
  A quicksilver dragon simulacrum (Abyss:1)
  A flayed ghost (Depths:4)
  4 sea snakes
  24 deep trolls
  5 harpies
  An unseen horror (Vaults:1)
  A wizard (Vaults:3)
  A glowing orange brain (Abyss:4)
  A sea snake (shapeshifter) (Vaults:5)
  2 ironbrand convokers
  2 phantasmal warriors
  6 orc knights
  2 naga ritualists (Snake:4)
  A wolf spider zombie (Abyss:1)
  An orc sorcerer (Abyss:4)
  18 deep elf magi
  4 deep elf archers
  18 ugly things
  A wolf spider (shapeshifter) (Abyss:1)
  2 wolf spiders (Vaults:2)
  A cyclops (Vaults:2)
  29 large abominations
  6 manticores
  2 fauns (Shoals:1)
  4 salamanders
  A worldbinder (Abyss:4)
  A black mamba (shapeshifter) (Depths:1)
  A black mamba (Snake:4)
  2 elephants (Shoals:1)
  A water nymph (Shoals:4)
  6 naga magi (Snake:4)
  2 merfolk sirens
  A rust devil (Abyss:1)
  A guardian serpent (shapeshifter) (Abyss:2)
  6 vault sentinels
  2 orange demons
  8 smoke demons
  2 demonic crawlers
  An ice devil (Abyss:1)
  16 yaktaurs
  A freezing wraith (Abyss:3)
  An efreet (Abyss:2)
  A tormentor (Abyss:4)
  3 hellwings
  4 ancient zymes
  A tengu conjurer (Depths:4)
  A golden dragon simulacrum (Abyss:1)
  4 wind drakes
  12 merfolk
  6 raiju
  A blink frog (Abyss:2)
  24 slime creatures
  3 hornets
  4 snapping turtles
  A flying skull (Abyss:1)
  A shadow (Abyss:1)
  A vampire (Vaults:3)
  A wraith (Abyss:2)
  7 water elementals
  An ettin skeleton (Abyss:3)
  3 ynoxinuls
  A neqoxec (Abyss:1)
  7 fire bats
  A fire elemental (Elf:3)
  A golden eye (shapeshifter) (Vaults:3)
  6 chaos spawn
  A spatial vortex (Abyss:1)
  10 nagas (Snake:4)
  A hell hound (Abyss:2)
  3 insubstantial wisps (Abyss:4)
  A water moccasin (Snake:4)
  An ice beast (Abyss:2)
  A sky beast (shapeshifter) (Vaults:3)
  5 orc warriors
  A cane toad skeleton (Abyss:2)
  3 eyes of draining
  4 ogres
  A tengu (shapeshifter) (Vaults:3)
  3 centaurs
  An earth elemental (Abyss:3)
  3 wights (Abyss:2)
  7 quasits
  5 iron imps
  An adder (Snake:4)
  2 shadow imps
  A white imp (Abyss:2)
  2 ufetubi
  A ball python (Snake:4)
  15 foxfires
  2 starspawn tentacles
632 creatures vanquished.

Vanquished Creatures (others)
  A stone giant (Depths:2)
  A deep elf demonologist (Elf:2)
  A deep troll (Depths:2)
  A deep elf mage (Elf:2)
  7 humans (D:13)
  2 chaos spawn (Abyss:2)
  An ogre (Vaults:3)
  A small abomination (Abyss:4)
  2 howler monkeys (D:13)
  A quokka (D:15)
  A demonic plant (Abyss:1)
  5855 foxfires
  31 fungi
  4 lurking horrors
  76 plants
  23 starspawn tentacles
  4 tentacles (Shoals:1)
6012 creatures vanquished.

Grand Total: 8895 creatures vanquished

Notes
Turn   | Place    | Note
-------+----------+-------------------------------------------
     0 | D:1      | rogsnak the Draconian Fire Elementalist began the quest for
                  | the Orb.
     0 | D:1      | Reached XP level 1. HP: 14/14 MP: 3/3
   183 | D:1      | Reached XP level 2. HP: 20/20 MP: 1/5
   717 | D:1      | You fall into a shaft and drop 1 floor!
  1136 | D:2      | Reached XP level 3. HP: 26/26 MP: 0/6
  2306 | D:2      | Reached XP level 4. HP: 34/34 MP: 6/8
  2511 | D:3      | Reached XP level 5. HP: 21/39 MP: 0/9
  2646 | D:3      | Found a glowing drain.
  2695 | Sewer    | Entered a sewer
  2819 | Sewer    | Reached skill level 1 in Fighting
  2949 | Sewer    | Reached XP level 6. HP: 38/47 MP: 5/11
  2957 | Sewer    | Learned a level 4 spell: Sticky Flame
  2963 | Sewer    | Learned a level 5 spell: Fireball
  4047 | D:3      | Noticed Ijyb
  4068 | D:3      | Killed Ijyb
  4650 | D:4      | Your scales start taking on a pale cyan-grey colour.
  4650 | D:4      | Reached XP level 7. HP: 46/52 MP: 4/12
  4752 | D:4      | Reached skill level 5 in Conjurations
  4890 | D:4      | Found a staircase to the Ecumenical Temple.
  4896 | Temple   | Entered the Ecumenical Temple
  4930 | Temple   | Became a worshipper of Sif Muna the Loreminder
  4991 | D:4      | Found a glowing silver altar of Zin.
  5078 | D:4      | Reached skill level 5 in Fire Magic
  5791 | D:5      | Entered Level 5 of the Dungeon
  5935 | D:5      | Noticed Blork the orc
  5962 | D:5      | Killed Blork the orc
  6029 | D:5      | Reached XP level 8. HP: 52/59 MP: 8/15
  6298 | D:5      | Reached skill level 5 in Spellcasting
  7100 | D:6      | Found a snail-covered altar of Cheibriados.
  7138 | D:6      | Noticed Edmund
  7147 | D:6      | Killed Edmund
  7280 | D:6      | Noticed Sigmund
  7291 | D:6      | Killed Sigmund
  7379 | D:6      | Reached XP level 9. HP: 64/67 MP: 11/18
  7513 | D:6      | Reached * piety under Sif Muna
  8602 | D:7      | Noticed Joseph
  8709 | D:7      | Killed Joseph
  9663 | D:7      | Noticed a red ugly thing
  9745 | D:7      | Noticed Pikel
  9759 | D:7      | Killed Pikel
  9759 | D:7      | Reached XP level 10. HP: 56/74 MP: 9/20
  9939 | D:8      | Found a glowing silver altar of Zin.
 10034 | D:8      | Noticed a two-headed ogre
 10050 | D:8      | Killed a two-headed ogre
 10050 | D:8      | Reached ** piety under Sif Muna
 10050 | D:8      | Reached skill level 1 in Axes
 10050 | D:8      | Reached skill level 10 in Conjurations
 10388 | D:8      | Noticed a two-headed ogre
 10395 | D:8      | Killed a two-headed ogre
 11103 | D:9      | Reached skill level 1 in Evocations
 11505 | D:9      | Noticed Maggie
 11517 | D:9      | Killed Maggie
 11561 | D:9      | Reached XP level 11. HP: 41/82 MP: 1/23
 11790 | D:9      | Got a pair of steaming gloves
 11801 | D:9      | Identified the cursed +0 pair of gloves of Odoufrue {rN+}
                  | (You found it on level 9 of the Dungeon)
 11814 | D:9      | Found a staircase to the Lair.
 12645 | D:10     | Entered Level 10 of the Dungeon
 12658 | D:10     | Reached *** piety under Sif Muna
 12931 | D:10     | Noticed a deep elf mage
 12948 | D:10     | Killed a deep elf mage
 13500 | D:10     | Got a warped glass ring
 13502 | D:10     | Identified the cursed ring of Creativity {MP+9 Int+4
                  | Slay-4} (You found it on level 10 of the Dungeon)
 13566 | D:10     | Noticed a two-headed ogre
 13688 | D:10     | Noticed an unseen horror
 13690 | D:10     | Killed an unseen horror
 13916 | D:10     | Killed a two-headed ogre
 14451 | D:11     | Reached **** piety under Sif Muna
 14682 | D:11     | Found a staircase to the Orcish Mines.
 14857 | D:11     | Found Dueme's Antique Weapon Emporium.
 15161 | D:11     | Found Eneofao's Book Emporium.
 15164 | D:11     | Found Dikhlaepem's Antique Armour Shop.
 15189 | D:11     | Bought a book of Power for 720 gold pieces
 15195 | D:11     | Learned a level 5 spell: Iskenderun's Battlesphere
 15202 | D:11     | Learned a level 6 spell: Iron Shot
 15231 | D:11     | Found Lekkowoy's Assorted Antiques.
 15236 | D:11     | Bought a pitted ruby amulet for 110 gold pieces
 15236 | D:11     | Identified the amulet "Boiwudav" {Acrobat rPois rF+ rC-
                  | Str+4} (You bought it in a shop on level 11 of the Dungeon)
 15245 | D:11     | Identified a scroll of acquirement
 15246 | D:11     | Acquired an uncursed ring of poison resistance
 15299 | D:11     | Found Woyceiph's General Store.
 15426 | D:12     | Noticed Frances
 15452 | D:12     | Reached skill level 1 in Invocations
 15463 | D:12     | Reached skill level 10 in Fire Magic
 15763 | D:12     | Reached skill level 1 in Earth Magic
 15925 | D:12     | Reached XP level 12. HP: 89/89 MP: 18/25
 16452 | D:12     | Noticed Azrael
 16994 | D:12     | Killed Azrael
 17628 | D:12     | Learned a level 2 spell: Blink
 17700 | D:13     | Noticed a centaur warrior
 17769 | D:13     | Killed a centaur warrior
 17938 | D:13     | Reached ***** piety under Sif Muna
 18047 | D:13     | Reached skill level 10 in Spellcasting
 18299 | D:13     | Noticed Kirke
 18307 | D:13     | Killed Kirke
 18344 | D:13     | Identified Sif Muna's Catalogue of Combat Magic (Sif Muna
                  | gifted it to you on level 13 of the Dungeon)
 18344 | D:13     | Received a gift from Sif Muna
 18545 | D:13     | Noticed a death knight
 18829 | D:13     | Noticed a tengu warrior
 18854 | D:13     | Killed a tengu warrior
 18872 | D:13     | Killed a death knight
 19597 | D:14     | Reached XP level 13. HP: 96/96 MP: 26/27
 19750 | D:14     | Reached skill level 5 in Invocations
 20967 | D:14     | Reached skill level 5 in Earth Magic
 21029 | D:14     | Found a gate to the Vaults.
 21467 | D:15     | Entered Level 15 of the Dungeon
 21518 | D:15     | Found a white marble altar of Elyvilon.
 21558 | D:15     | Noticed a fire dragon
 21564 | D:15     | Killed a fire dragon
 21713 | D:15     | Noticed a fire dragon
 21717 | D:15     | Killed a fire dragon
 22446 | D:15     | Identified Sif Muna's Disquisition on Conjuration (Sif Muna
                  | gifted it to you on level 15 of the Dungeon)
 22446 | D:15     | Received a gift from Sif Muna
 22486 | D:15     | Reached XP level 14. HP: 104/104 MP: 5/30
 22734 | D:15     | Found a staircase to the Depths.
 22860 | Orc:1    | Entered Level 1 of the Orcish Mines
 23211 | Orc:1    | Found a runed translucent door.
 23293 | Orc:1    | Noticed grandjackal's ghost (journeyman DsGl)
 23311 | Orc:1    | Found a roughly hewn altar of Beogh.
 23681 | Orc:2    | Entered Level 2 of the Orcish Mines
 23681 | Orc:2    | Found a staircase to the Elven Halls.
 23808 | Orc:2    | Found Haoshomi's Antique Weapon Shop.
 24994 | Orc:2    | Found Ybenoblai's Book Shoppe.
 24994 | Orc:2    | Found Muangiz's Book Shop.
 24996 | Orc:2    | Found Navi Dediett's General Store.
 24998 | Orc:2    | Found Ably Ytirr's Book Emporium.
 25580 | D:10     | Identified Sif Muna's Grimoire of Fire and Arcane Weapons
                  | (Sif Muna gifted it to you on level 10 of the Dungeon)
 25580 | D:10     | Received a gift from Sif Muna
 25635 | Lair:1   | Entered Level 1 of the Lair of Beasts
 27080 | Lair:2   | Found a staircase to the Snake Pit.
 27121 | Lair:2   | Reached skill level 5 in Dodging
 27121 | Lair:2   | Reached skill level 1 in Shields
 27121 | Lair:2   | Reached skill level 1 in Translocations
 27121 | Lair:2   | Reached XP level 15. HP: 111/111 MP: 26/31
 27122 | Lair:2   | Reached skill level 1 in Summonings
 27122 | Lair:2   | Reached XP level 16. HP: 118/118 MP: 26/32
 27441 | Lair:2   | Reached skill level 15 in Conjurations
 27766 | Lair:2   | Got a clouded granite ring
 27768 | Lair:2   | Identified the ring "Yleudet" {rF+ SInv} (You found it on
                  | level 2 of the Lair of Beasts)
 28192 | Lair:3   | Found a staircase to the Shoals.
 29136 | Lair:4   | Found a large runed translucent door.
 29137 | Lair:4   | Found a large runed translucent door.
 29141 | Lair:4   | Noticed Melum's ghost (journeyman MiHu)
 29149 | Lair:4   | Killed Melum's ghost
 29814 | Lair:4   | Found the +8 whip "Snakebite" {curare, rPois}
 30034 | Lair:4   | Reached skill level 5 in Fighting
 30277 | Lair:5   | Found a staircase to the Slime Pits.
 30277 | Lair:5   | Found a viscous altar of Jiyva.
 30402 | Lair:5   | Received a gift from Sif Muna
 30830 | Lair:6   | Entered Level 6 of the Lair of Beasts
 31075 | Lair:6   | Found a frozen archway.
 31144 | Lair:6   | Acquired the +0 staff of Battle
 31145 | Lair:6   | Found the +0 staff of Battle
 31351 | IceCv    | Entered an ice cave
 32112 | IceCv    | Got a dazzling halberd
 32117 | IceCv    | Identified the +6 halberd of the Onslaught {vamp, rN+
                  | Int+2} (You found it in an ice cave)
 32436 | Lair:6   | Reached XP level 17. HP: 121/126 MP: 16/34
 32680 | Lair:6   | Identified Sif Muna's Almanac of the Harmful Traveller (Sif
                  | Muna gifted it to you on level 6 of the Lair of Beasts)
 32680 | Lair:6   | Received a gift from Sif Muna
 33421 | Lair:6   | Reached skill level 10 in Earth Magic
 33873 | Snake:1  | Entered Level 1 of the Snake Pit
 33952 | Snake:1  | Found a shimmering altar of Xom.
 34164 | Snake:1  | Found Maid's Antique Weapon Boutique.
 34478 | Snake:1  | Identified Sif Muna's Collected Works on Supportive
                  | Feathers (Sif Muna gifted it to you on level 1 of the Snake
                  | Pit)
 34478 | Snake:1  | Received a gift from Sif Muna
 34648 | Snake:1  | Noticed Aizul
 34654 | Snake:1  | Killed Aizul
 34997 | Snake:1  | Found Xuus's Gadget Shoppe.
 34997 | Snake:1  | Found Gihe's Jewellery Boutique.
 34998 | Snake:1  | Found Pitusoan's Jewellery Boutique.
 35540 | Snake:2  | Found Kuhoudgh's General Store.
 35556 | Snake:2  | Bought the +3 crown of Dyrovepreva {rElec Int+2 SInv} for
                  | 579 gold pieces
 35556 | Snake:2  | Found the +3 crown of Dyrovepreva {rElec Int+2 SInv}
 35973 | Snake:2  | Noticed Vashnia
 36549 | Snake:2  | Killed Vashnia
 36560 | Snake:1  | Learned a level 7 spell: Spellforged Servitor
 36990 | Snake:3  | Reached XP level 18. HP: 133/133 MP: 34/36
 37023 | Snake:3  | Identified Sif Muna's Handbook of Flight and Ice (Sif Muna
                  | gifted it to you on level 3 of the Snake Pit)
 37023 | Snake:3  | Received a gift from Sif Muna
 37541 | Snake:3  | Reached skill level 15 in Spellcasting
 38390 | Snake:4  | Entered Level 4 of the Snake Pit
 38494 | Snake:4  | Found a stormy altar of Qazlal.
 39247 | Snake:4  | Identified the +5 scale mail of the Lion {Harm rF- rC+
                  | Int+3}
 39911 | Snake:4  | Identified Zeolo's Disquisition on Arcane Weapons and
                  | Beguiling (Sif Muna gifted it to you on level 4 of the
                  | Snake Pit)
 39911 | Snake:4  | Received a gift from Sif Muna
 40187 | Snake:4  | Reached skill level 5 in Summonings
 40642 | Snake:4  | Got a serpentine rune of Zot
 40833 | Shoals:1 | Entered Level 1 of the Shoals
 40846 | Shoals:1 | Noticed Jorgrun
 40851 | Shoals:1 | Killed Jorgrun
 41293 | Shoals:1 | Reached skill level 5 in Shields
 41317 | Shoals:1 | Reached skill level 15 in Fire Magic
 41553 | Shoals:1 | Found a hide-covered altar of Uskayaw.
 41597 | Shoals:1 | Got a smoking longbow
 41603 | Shoals:1 | Identified the +9 longbow "Opinued" {venom, rPois rN+ MP-9
                  | Str+3} (You found it on level 1 of the Shoals)
 41828 | Shoals:1 | Reached XP level 19. HP: 102/139 MP: 31/38
 42117 | Shoals:2 | Found Taenoqy's Assorted Antiques.
 42169 | Shoals:2 | Bought a potion of magic for 296 gold pieces
 42383 | Shoals:2 | Received a gift from Sif Muna
 43239 | Shoals:3 | Found Polofujunn's Antique Weapon Shoppe.
 43452 | Shoals:4 | Entered Level 4 of the Shoals
 43647 | Shoals:4 | Noticed Nikola
 44407 | Shoals:4 | Killed Nikola
 45503 | Shoals:4 | Identified Sif Muna's Incunabulum of Harmful Companions
                  | (Sif Muna gifted it to you on level 4 of the Shoals)
 45503 | Shoals:4 | Received a gift from Sif Muna
 45988 | Shoals:4 | Noticed Polyphemus
 45995 | Shoals:4 | Killed Polyphemus
 46031 | Shoals:4 | Noticed Roxanne
 46091 | Shoals:4 | Killed Roxanne
 46315 | Shoals:4 | Got a barnacled rune of Zot
 46565 | Elf:1    | Entered Level 1 of the Elven Halls
 46863 | Elf:1    | Learned a level 5 spell: Lee's Rapid Deconstruction
 47278 | Elf:1    | Reached XP level 20. HP: 135/146 MP: 24/40
 47300 | Elf:1    | Identified the +10 dagger of Intuition {flame, rElec rF+
                  | rC+ Str+2}
 47838 | Elf:1    | Identified Sif Muna's Disquisition on the Earthen Glacier
                  | (Sif Muna gifted it to you on level 1 of the Elven Halls)
 47838 | Elf:1    | Received a gift from Sif Muna
 48089 | Elf:1    | Found a roughly hewn altar of Beogh.
 49558 | Elf:2    | Upgraded the game from 0.26-a0-660-gc07710193c to
                  | 0.26-a0-661-g406de6ba63
 49921 | Elf:2    | Found a runed translucent gate.
 49921 | Elf:2    | Found a runed translucent gate.
 49923 | Elf:2    | Found a runed translucent gate.
 50223 | Elf:2    | Identified Sif Muna's Volume of Aerial Attacks (Sif Muna
                  | gifted it to you on level 2 of the Elven Halls)
 50223 | Elf:2    | Received a gift from Sif Muna
 50627 | Elf:3    | Entered Level 3 of the Elven Halls
 50795 | Elf:3    | Found Xesofit's Book Shoppe.
 51828 | Elf:3    | Identified the ring "Efudooh" {MP+9 Str+2}
 51833 | Elf:3    | Reached skill level 10 in Shields
 51856 | Elf:3    | Reached XP level 21. HP: 147/152 MP: 6/42
 52032 | Elf:3    | Identified Sif Muna's Compendium of the Mutagenic Escort
                  | (Sif Muna gifted it to you on level 3 of the Elven Halls)
 52032 | Elf:3    | Received a gift from Sif Muna
 52238 | Elf:3    | Identified the Incunabulum of Shifting Heat
 52277 | Elf:3    | Identified the +7 fustibalus "Muitolumn" {freeze, Int+3}
                  | (You found it on level 3 of the Elven Halls)
 52314 | Elf:3    | Identified the +6 mace of Empaext {vamp, Int+4} (You found
                  | it on level 3 of the Elven Halls)
 52331 | Elf:3    | Identified the Almanac of Flight and Attacks
 52624 | Vaults:1 | Entered Level 1 of the Vaults
 52991 | Vaults:1 | Paralysed by a sphinx for 4 turns
 53471 | Vaults:1 | Found a huge runed gate.
 53471 | Vaults:1 | Found a huge runed gate.
 53471 | Vaults:1 | Found a huge runed gate.
 53471 | Vaults:1 | Found a huge runed gate.
 53471 | Vaults:1 | Found a huge runed gate.
 53471 | Vaults:1 | Found a huge runed gate.
 53471 | Vaults:1 | Found a huge runed gate.
 53472 | Vaults:1 | Found a huge runed gate.
 53472 | Vaults:1 | Found a huge runed gate.
 53472 | Vaults:1 | Found a huge runed gate.
 53477 | Vaults:1 | Found a huge runed gate.
 53477 | Vaults:1 | Found a huge runed gate.
 53477 | Vaults:1 | Found a huge runed gate.
 53477 | Vaults:1 | Found a huge runed gate.
 53477 | Vaults:1 | Found a huge runed gate.
 53477 | Vaults:1 | Found a huge runed gate.
 53478 | Vaults:1 | Found a huge runed gate.
 53479 | Vaults:1 | Found a huge runed gate.
 53480 | Vaults:1 | Found a huge runed gate.
 53488 | Vaults:1 | Found a huge runed gate.
 53488 | Vaults:1 | Found a huge runed gate.
 53488 | Vaults:1 | Found a huge runed gate.
 53488 | Vaults:1 | Found a huge runed gate.
 53488 | Vaults:1 | Found a huge runed gate.
 53488 | Vaults:1 | Found a huge runed gate.
 53490 | Vaults:1 | Found a huge runed gate.
 53491 | Vaults:1 | Found a huge runed gate.
 53492 | Vaults:1 | Found a huge runed gate.
 53500 | Vaults:1 | Found a huge runed gate.
 53500 | Vaults:1 | Found a huge runed gate.
 53500 | Vaults:1 | Found a huge runed gate.
 53500 | Vaults:1 | Found a huge runed gate.
 53500 | Vaults:1 | Found a huge runed gate.
 53500 | Vaults:1 | Found a huge runed gate.
 53501 | Vaults:1 | Found a huge runed gate.
 53502 | Vaults:1 | Found a huge runed gate.
 53767 | Vaults:1 | Gained mutation: You tend to lose your temper in combat.
                  | [mutagenic glow]
 53781 | Vaults:1 | Gained mutation: [You are dopey. (Int -2)] [mutagenic glow]
 53800 | Vaults:1 | Gained mutation: You occasionally shout uncontrollably at
                  | your foes. [mutagenic glow]
 53808 | Vaults:1 | Gained mutation: [Your spells are a little easier to cast,
                  | but a little less powerful.] [mutagenic glow]
 53838 | Vaults:1 | Gained mutation: Your body sometimes deteriorates upon
                  | taking damage. [mutagenic glow]
 53900 | Vaults:1 | Lost mutation: [Your spells are a little easier to cast,
                  | but a little less powerful.] [potion of mutation]
 53900 | Vaults:1 | Lost mutation: [You are dopey. (Int -2)] [potion of
                  | mutation]
 53900 | Vaults:1 | Lost mutation: Your body sometimes deteriorates upon taking
                  | damage. [potion of mutation]
 53900 | Vaults:1 | Gained mutation: You have a pair of small horns on your
                  | head. [potion of mutation]
 53900 | Vaults:1 | Gained mutation: Your body sometimes deteriorates upon
                  | taking damage. [potion of mutation]
 53900 | Vaults:1 | Gained mutation: You evolve. [potion of mutation]
 53900 | Vaults:1 | Gained mutation: You have an increased reservoir of magic.
                  | (+10% MP) [potion of mutation]
 54044 | Vaults:1 | Found a portal to a secret trove of treasure.
 54920 | Vaults:2 | Identified the +11 arbalest of the Puffin {vorpal, rPois
                  | MR++ Str+4 Dex-4} (You found it on level 2 of the Vaults)
 55034 | Vaults:2 | Received a gift from Sif Muna
 55526 | Vaults:2 | Learned a level 8 spell: Ignition
 56042 | Vaults:2 | Reached ****** piety under Sif Muna
 56055 | Vaults:2 | Received a gift from Sif Muna
 56451 | Vaults:2 | Found Celeet's Weapon Shop.
 56695 | Vaults:3 | Noticed Boris
 56695 | Vaults:3 | Paralysed by a great orb of eyes for 7 turns
 56705 | Vaults:3 | Killed Boris
 56705 | Vaults:3 | Reached XP level 22. HP: 71/160 MP: 26/48
 57571 | Vaults:3 | Noticed Mennas
 57727 | Vaults:3 | Killed Mennas
 58118 | Vaults:3 | Found a staircase to the Crypt.
 58642 | Vaults:3 | Gained mutation: You often lose your temper in combat.
                  | [evolution]
 58859 | Vaults:4 | Identified Sif Muna's Reference Book on Flight and the
                  | Voyage (Sif Muna gifted it to you on level 4 of the Vaults)
 58859 | Vaults:4 | Received a gift from Sif Muna
 60780 | Vaults:4 | Learned a level 9 spell: Fire Storm
 60782 | Vaults:5 | Entered Level 5 of the Vaults
 60785 | Vaults:5 | Identified Sif Muna's Tome of Poison and Creation (Sif Muna
                  | gifted it to you on level 5 of the Vaults)
 60785 | Vaults:5 | Received a gift from Sif Muna
 60785 | Vaults:5 | Reached XP level 23. HP: 152/167 MP: 51/51
 61992 | Vaults:5 | Identified Sif Muna's Disquisition on Changing (Sif Muna
                  | gifted it to you on level 5 of the Vaults)
 61992 | Vaults:5 | Received a gift from Sif Muna
 63098 | Vaults:5 | Identified the +7 demon whip of Pownirof {vamp, Str+10}
 63337 | Vaults:5 | Found Fasukky's Gadget Boutique.
 64221 | Vaults:5 | Got a silver rune of Zot
 64327 | Vaults:5 | Upgraded the game from 0.26-a0-661-g406de6ba63 to
                  | 0.26-a0-662-g8b9c6dab81
 64543 | Depths:1 | Entered Level 1 of the Depths
 64697 | Depths:1 | Identified Waho's Compendium of the Entourage and Clay (Sif
                  | Muna gifted it to you on level 1 of the Depths)
 64697 | Depths:1 | Received a gift from Sif Muna
 65216 | Depths:1 | Found a gateway to Hell.
 65262 | Depths:1 | Reached XP level 24. HP: 173/173 MP: 52/52
 65309 | Depths:1 | Gained mutation: Your muscles are strong. (Str +2)
                  | [evolution]
 65309 | Depths:1 | Lost mutation: You evolve. [end of evolution]
 65919 | Depths:2 | Identified Sif Muna's Papyrus of Heat and the Glacier (Sif
                  | Muna gifted it to you on level 2 of the Depths)
 65919 | Depths:2 | Received a gift from Sif Muna
 66301 | Depths:2 | Reached skill level 10 in Summonings
 66444 | Depths:2 | Found a one-way gate leading to the halls of Pandemonium.
 67110 | Depths:2 | You fall into a shaft and drop 1 floor!
 67604 | Depths:3 | Found a one-way gate to the infinite horrors of the Abyss.
 67642 | Depths:2 | Identified Sif Muna's Collected Works on Sinister Poisoning
                  | (Sif Muna gifted it to you on level 2 of the Depths)
 67642 | Depths:2 | Received a gift from Sif Muna
 68343 | Depths:1 | Identified the +9 quarterstaff "Beastbane" {distort, *Noise
                  | rElec rC+++ Int-3} (You found it on level 1 of the Depths)
 68396 | Depths:2 | Found a runed translucent door.
 68694 | Depths:2 | Found a shimmering altar of Xom.
 68694 | Depths:2 | Noticed HilariousDeathArtist's ghost (journeyman SpAM)
 68695 | Depths:2 | Found the +9 sword of Zonguldrok {reap}
 68705 | Depths:2 | Killed HilariousDeathArtist's ghost
 69008 | Depths:2 | Paralysed by a centaur for 7 turns
 69022 | Depths:2 | Acquired the amulet "Divvaepa" {rN+ Regen+ Stlth+}
 69844 | Depths:3 | Received a gift from Sif Muna
 70294 | Depths:3 | Reached XP level 25. HP: 180/180 MP: 0/53
 71298 | Depths:4 | Found a gateway to a ziggurat.
 71623 | Depths:4 | Identified Sif Muna's Grimoire of Stones and Moulding (Sif
                  | Muna gifted it to you on level 4 of the Depths)
 71623 | Depths:4 | Received a gift from Sif Muna
 72336 | Depths:4 | Noticed Sojobo
 72367 | Depths:4 | Killed Sojobo
 73053 | Depths:5 | Entered Level 5 of the Depths
 73247 | Depths:5 | Received a gift from Sif Muna
 73249 | Depths:5 | Noticed Frederick
 73327 | Depths:5 | Killed Frederick
 74101 | Depths:5 | Noticed a juggernaut
 74109 | Depths:5 | Killed a juggernaut
 74678 | Depths:5 | Reached XP level 26. HP: 130/189 MP: 49/54
 75330 | Depths:5 | Found a gate to the Realm of Zot.
 75656 | Vaults:1 | You paid a toll of a +5 demon blade to enter a treasure
                  | trove
 75657 | Trove    | Entered a treasure trove
 75717 | Trove    | Identified Sif Muna's Arcane Secrets of Wizardry
 76026 | Slime:1  | Entered Level 1 of the Pits of Slime
 76367 | Slime:4  | Identified Sif Muna's Papyrus of Igneous Malediction (Sif
                  | Muna gifted it to you on level 4 of the Pits of Slime)
 76367 | Slime:4  | Received a gift from Sif Muna
 76465 | Slime:5  | Entered Level 5 of the Pits of Slime
 76495 | Slime:5  | Learned a level 8 spell: Lehudib's Crystal Spear
 76581 | Slime:5  | Gained mutation: Potions are less effective at restoring
                  | your health. [a shining eye]
 76651 | Slime:4  | Gained mutation: [You are dopey. (Int -2)] [a shining eye]
 77015 | Slime:5  | Noticed the Royal Jelly
 77022 | Slime:5  | Killed the Royal Jelly
 77045 | Slime:5  | Found the +8 arc blade {discharge, rElec}
 77046 | Slime:5  | Found the +2 shield of Resistance {rF++ rC++ MR++}
 77097 | Slime:5  | Identified the cursed +1 scythe of the Trees {speed, rF+
                  | rN+ SInv} (You found it on level 5 of the Pits of Slime)
 77099 | Slime:5  | Identified the ring "Najion" {*Tele +Inv rC+ Str+3 Stlth+}
                  | (You found it on level 5 of the Pits of Slime)
 77144 | Slime:5  | Identified the +2 pair of gloves of the Weaver {rN+} (You
                  | found it on level 5 of the Pits of Slime)
 77184 | Slime:5  | Got a slimy rune of Zot
 77250 | Slime:5  | Acquired 1021 gold pieces
 77604 | Depths:3 | Voluntarily entered the Abyss.
 77629 | Abyss:1  | Found a corrupted altar of Lugonu.
 77741 | Abyss:1  | Found a corrupted altar of Lugonu.
 77758 | Abyss:1  | Found a corrupted altar of Lugonu.
 77826 | Abyss:1  | Found a corrupted altar of Lugonu.
 78139 | Abyss:1  | Identified Maceetz's Collected Works on the Frostbite and
                  | Execration (Sif Muna gifted it to you on level 1 of the
                  | Abyss)
 78139 | Abyss:1  | Received a gift from Sif Muna
 78579 | Abyss:1  | Lost mutation: You occasionally shout uncontrollably at
                  | your foes. [potion of mutation]
 78579 | Abyss:1  | Lost mutation: You have an increased reservoir of magic.
                  | (+10% MP) [potion of mutation]
 78579 | Abyss:1  | Lost mutation: You often lose your temper in combat.
                  | [potion of mutation]
 78579 | Abyss:1  | Gained mutation: You have large cloven feet. [potion of
                  | mutation]
 79315 | Depths:3 | Escaped the Abyss
 79397 | Depths:3 | Upgraded the game from 0.26-a0-662-g8b9c6dab81 to
                  | 0.26-a0-663-g36e8fdb655
 79408 | Depths:3 | Voluntarily entered the Abyss.
 79572 | Abyss:2  | Found a corrupted altar of Lugonu.
 80752 | Abyss:2  | Found a corrupted altar of Lugonu.
 81052 | Abyss:2  | Reached skill level 15 in Earth Magic
 81147 | Abyss:2  | Found a corrupted altar of Lugonu.
 81246 | Abyss:2  | Found a runed translucent door.
 81429 | Abyss:2  | Reached XP level 27. HP: 196/196 MP: 44/50
 82958 | Abyss:5  | Entered Level 5 of the Abyss
 83085 | Abyss:5  | HP: 4/197 [rock wall collision (11)]
 83098 | Abyss:5  | Lost mutation: You have large cloven feet. [potion of
                  | mutation]
 83098 | Abyss:5  | Lost mutation: You have a pair of small horns on your head.
                  | [potion of mutation]
 83098 | Abyss:5  | Gained mutation: Scrolls take you a little longer to read.
                  | [potion of mutation]
 83098 | Abyss:5  | Gained mutation: Your tail ends in a poisonous barb.
                  | [potion of mutation]
 83099 | Abyss:5  | Lost mutation: [You are very dopey. (Int -4)] [potion of
                  | mutation]
 83099 | Abyss:5  | Lost mutation: Your body sometimes deteriorates upon taking
                  | damage. [potion of mutation]
 83099 | Abyss:5  | Lost mutation: You tend to lose your temper in combat.
                  | [potion of mutation]
 83099 | Abyss:5  | Gained mutation: You are occasionally teleported next to
                  | monsters. [potion of mutation]
 83099 | Abyss:5  | Lost mutation: Scrolls take you a little longer to read.
                  | [potion of mutation]
 83099 | Abyss:5  | Gained mutation: You have a pair of small horns on your
                  | head. [potion of mutation]
 83127 | Abyss:5  | HP: 5/158 [starcursed mass/accursed screaming (9)]
 83128 | Abyss:5  | Killed from afar by a starcursed mass

Illustrated notes

Levels and vault maps discovered:
D:1:      nicolae_arrival_somewhat_less_tricky_arrival, layout_basic
D:2:      layout_basic
D:3:      minmay_spotlight, layout_loops_cross, portal_sewer_entry_b, uniq_ijyb
D:4:      minmay_recursive_quarters, layout_loops_ring, zin_academy,
          temple_green, minivault_5, hangedman_decor_diamond_cutter
D:5:      minmay_skewed_foursquare, layout_cave_pools, minmay_starry_boxes,
          uniq_blork_the_orc
D:6:      layout_basic, basic_altar, uniq_edmund, uniq_sigmund
D:7:      layout_rooms, uniq_joseph, uniq_pikel
D:8:      layout_rooms, basic_altar
D:9:      layout_loops_ring, erik_lair_orcish_takeover, the_bakery, uniq_maggie
D:10:     layout_small_grid
D:11:     layout_long_grid, david_orc_4, serial_shops, shop_coins, shop, shop,
          shop, shop
D:12:     layout_rooms, uniq_frances, uniq_azrael
D:13:     layout_basic, uniq_kirke
D:14:     minmay_razor_zed, layout_rooms, david_vaults_4,
          minmay_misc_feat_pillars, nrook_mini_backslash, item_on_display_a
D:15:     grunt_enter_depths_hoard, layout_cave_pools, elyvilon_altar_4,
          nrook_mini_vaults
Temple:   nicolae_temple_the_god_donut
Lair:1:   layout_regular_city
Lair:2:   statuecave_lemuel, layout_big_grid, minmay_snake_entry_guardpost_large
Lair:3:   layout_chaotic_city, minmay_shoals_entry_lonely_mermaid
Lair:4:   minmay_guarded_unrand_snakebite, layout_hall_layers,
          ebering_ghost_disaster_area, lemuel_fruit_fields
Lair:5:   layout_long_grid, slime_altar_1
Lair:6:   minmay_lair_end_enchanted_forest, layout_small_grid,
          portal_ice_cave_entry_imps, st_stairs_13, minmay_lair_oklob_chamber,
          serial_bayou_shore_b
Shoals:1: layout_shoals, regret_index_shoals_crete, uniq_jorgrun
Shoals:2: layout_shoals, serial_shops, shop
Shoals:3: layout_shoals, serial_shops, nicolae_shop_trees
Shoals:4: shoals_end_grunt_ice, layout_shoals, nicolae_shoals_water_shrine,
          uniq_nikola, uniq_polyphemus, uniq_roxanne
Snake:1:  skrybe_snakes_to_sticks, layout_cave_shapes, serial_shops,
          nicolae_shop_window_shopping, st_stairs_1, grunt_megastairs_4,
          lemuel_fruit_tree, minmay_shop_grove, uniq_aizul
Snake:2:  layout_cave_shapes, serial_shops, shop, grunt_ministairs_9,
          grunt_megastairs_3, uniq_vashnia
Snake:3:  layout_honeycomb
Snake:4:  minmay_snake_end_coiled, layout_cave_town, basic_altar,
          nicolae_snake_springs
Slime:1:  layout_caves
Slime:2:  layout_caves
Slime:3:  layout_caves, nicolae_slime_barrier
Slime:4:  layout_caves
Slime:5
Orc:1:    layout_diamond_mine, basic_altar, ebering_ghost_reflecting_pool
Orc:2:    st_orc_rangers, layout_caves, serial_shops, nicolae_shop_crystal
Elf:1:    elf_arrival_001, layout_geoelf_octagon, special_room
          [special_room_orc], hangedman_elf_disciples
Elf:2:    layout_loops_ring
Elf:3:    elf_hall, layout_gridlike, serial_shops, nicolae_shop_stone
Vaults:1: v_alt_pattern_6, hangedman_vaults_pinch, ontoclasm_vaults_chip,
          hangedman_vaults_trim, v_misc_23, nicolae_vaults_branching_niches,
          vaults_not_door_vault_mu, v_pattern_2, nicolae_vaults_triangles,
          v_misc_25, vaults_dpeg_cross, layout_vaults_ring, enter_trove_5
Vaults:2: hangedman_vaults_unwind, ontoclasm_vaults_ligature,
          vaults_standard_mumra_x, nicolae_vaults_yaktaur_gun_rack,
          vaults_standard_mumra_enter_the_diamond, v_alt_pattern_5, v_rooms_2,
          v_misc_25, ontoclasm_vaults_gateway, nicolae_vaults_meeting,
          v_misc_13, vaults_mumra_chevron, nicolae_vaults_circle_grid_a,
          ontoclasm_vaults_pinch, layout_vaults_omnibox, serial_shops,
          nicolae_shop_statue_plus
Vaults:3: vaults_mumra_chevron_long, minmay_crypt_entry_vampire_xt,
          nicolae_vaults_circle_grid_b, hangedman_vaults_restitches,
          hangedman_vaults_variations, vaults_room_glass_cross,
          vaults_room_door_hall, v_misc_8, hangedman_vaults_maws, v_misc_4,
          nicolae_vaults_little_squares_3, grunt_vaults_funnel,
          vaults_room_hallway, layout_vaults_big_room, uniq_mennas, uniq_boris
Vaults:4: vaults_mumra_minichess, v_misc_24, v_misc_16,
          ontoclasm_vaults_loading_screen, ontoclasm_vaults_shuriken, v_misc_25,
          nicolae_vaults_border_crossing, ontoclasm_vaults_decontamination,
          v_misc_5, dpeg_vaults_monster_box, vaults_mumra_hex,
          layout_vaults_omnicross
Vaults:5: serial_shops
Depths:1: layout_gridlike, hell_entry, minmay_misc_feat_five,
          lemuel_flamethrower_1, firewood_loft, grunt_megastairs_2,
          serial_bayou_shore_b, serial_bayou_shore_b, serial_bayou_shore_b
Depths:2: lemuel_flame_loot_2, layout_twisted_cross, ebering_ghost_xom,
          grunt_pan_entry_in_and_out, hell_entry, nrook_campfire,
          minmay_protected_statue
Depths:3: minmay_bad_star, layout_basic, hangedman_coc_ice_floe,
          hangedman_decor_lopped, abyss_entry, grunt_pan_entry_sceptre
Depths:4: minmay_the_grid_octo_2x2 [minmay_the_grid_octo_chip,
          minmay_the_grid_octo_thin_diamonds, minmay_the_grid_octo_toaster,
          minmay_the_grid_octo_prize_star], layout_cave_shapes,
          enter_ziggurat_e, minmay_door_square, hell_entry, abyss_entry,
          uniq_sojobo
Depths:5: grunt_zot_entry_hairpin, layout_cave_pools, hell_entry,
          serial_bayou_pond_e, abyss_entry_crystal, uniq_frederick
Abyss:5:  base: Depths:5, bh_abyss_exit_grid, gammafunk_corrupted_shrine,
          nicolae_abyss_rune_star_stuff, evilmike_abyss_exit_7,
          hangedman_abyss_overflow_altar, lemuel_flamethrower_3,
          due_evilmike_abyss_rune_seething_liches

Skill      XL: |  1  2  3  4  5  6  7  8  9 10 11 12 13 14 15 16 17 18 19 20 21 22 23 24 25 26 27 |
---------------+----------------------------------------------------------------------------------+-----
Stealth        | 2 3 |  3.0
Conjurations   | 2 3 4 6 7 9 11 12 13 14 15 16 17 18 19 20 21 22 23 | 23.7
Dodging        | 2 3 4 5 6 7 8 9 |  9.0
Spellcasting   | 3 4 6 7 8 9 10 12 13 14 15 16 17 18 19 20 21 22 23 | 23.3
Fighting       | 1 2 3 4 5 6 7 |  7.0
Fire Magic     | 4 5 6 8 10 11 12 14 15 16 17 18 19 20 21 | 21.0
Axes           | 1 |  1.9
Evocations     | 1 2 3 4 |  4.4
Invocations    | 1 4 5 7 |  7.0
Earth Magic    | 1 4 6 7 8 9 11 12 13 14 15 | 15.2
Shields        | 1 2 3 5 7 10 11 12 13 | 13.4
Translocations | 1 2 |  2.4
Summonings     | 1 5 7 8 9 10 11 12 | 12.0

Action                   |  1- 3 |  4- 6 |  7- 9 | 10-12 | 13-15 | 16-18 | 19-21 | 22-24 | 25-27 || total
-------------------------+-------+-------+-------+-------+-------+-------+-------+-------+-------++-------
Melee: Unarmed           |     4 |       |       |       |       |       |       |       |       ||     4
       Short sword       |    41 |       |       |       |       |       |       |       |       ||    41
       Tailslap          |     7 |     4 |    12 |    10 |       |    12 |     2 |     2 |    28 ||    77
       Dagger            |     3 |    60 |    78 |       |       |       |       |       |       ||   141
       War axe           |       |       |    33 |     8 |       |       |       |       |       ||    41
       Staff             |       |       |       |   119 |     9 |    56 |    27 |    20 |    10 ||   241
       Whip              |       |       |       |       |       |     1 |       |       |       ||     1
       Headbutt          |       |       |       |       |       |       |       |     4 |    25 ||    29
       Trishula          |       |       |       |       |       |       |       |       |   178 ||   178
Throw: Stone             |     4 |       |       |       |       |       |       |       |       ||     4
       Dart              |       |       |       |     2 |       |     1 |       |       |       ||     3
       Boomerang         |       |       |       |     1 |       |       |       |       |       ||     1
 Cast: Foxfire           |    73 |   161 |   201 |   392 |   366 |   763 |   642 |   516 |   529 ||  3643
       Sticky Flame      |       |     1 |    21 |    63 |    27 |    75 |    67 |    53 |    44 ||   351
       Fireball          |       |       |     1 |    41 |    37 |   134 |   154 |   165 |    81 ||   613
       Iskenderun's Batt |       |       |       |    39 |    84 |    45 |       |     2 |       ||   170
       Iron Shot         |       |       |       |    10 |    25 |    85 |   101 |   135 |   236 ||   592
       Blink             |       |       |       |       |     1 |     1 |       |     6 |     4 ||    12
       Spellforged Servi |       |       |       |       |       |    28 |   107 |   137 |   140 ||   412
       Lee's Rapid Decon |       |       |       |       |       |       |    30 |    15 |     9 ||    54
       Ignition          |       |       |       |       |       |       |     1 |    17 |    11 ||    29
       Lehudib's Crystal |       |       |       |       |       |       |       |       |     1 ||     1
Invok: Channel Magic     |       |       |       |     1 |       |       |       |       |       ||     1
 Abil: Breathe Steam     |       |       |     5 |    15 |     4 |     9 |     6 |     7 |    16 ||    62
       Evoke Flight      |       |       |       |       |       |     5 |       |     1 |       ||     6
Evoke: Wand              |       |       |       |    10 |       |     1 |       |    10 |       ||    21
       Phantom mirror    |       |       |       |       |       |       |       |     1 |       ||     1
       Condenser vane    |       |       |       |       |       |       |       |     1 |       ||     1
  Use: Scroll            |       |       |       |    13 |     8 |    14 |    10 |     8 |    15 ||    68
       Potion            |       |       |       |       |     2 |     4 |     2 |     3 |     9 ||    20
 Stab: Sleeping          |     1 |     2 |     2 |       |       |       |       |       |       ||     5
Armor: Skin              |    17 |    28 |    50 |    70 |    14 |    71 |    42 |    60 |   125 ||   477
Dodge: Dodged            |    26 |    46 |    83 |   141 |    53 |   205 |   128 |   130 |   227 ||  1039
Block: Buckler           |       |       |       |       |     8 |    55 |       |       |       ||    63
       Kite shield       |       |       |       |       |       |     1 |   147 |   161 |   324 ||   633

Table legend: (Time is in decaauts)
 A = Elapsed time spent in this place.
 B = Non-inter-level travel time spent in this place.
 C = Inter-level travel time spent in this place.
 D = Time resting spent in this place.
 E = Time spent auto-exploring this place.
 F = Levels seen in this place.
 G = Mean time per level.
                   A        B        C        D        E       F      G
               +--------+--------+--------+--------+--------+-----+--------+
         Total |  83774 |  80116 |   3658 |  30515 |  16239 |  59 | 1419.9 |
       Dungeon |  23036 |  21400 |   1636 |   6556 |   8641 |  15 | 1535.7 |
        Temple |     52 |     52 |      0 |      0 |     28 |   1 |   52.0 |
          Lair |   7499 |   7079 |    420 |   1317 |   3443 |   6 | 1249.8 |
        Shoals |   5900 |   5799 |    101 |   2585 |    189 |   4 | 1475.0 |
     Snake Pit |   6933 |   6720 |    213 |   2519 |   1095 |   4 | 1733.2 |
    Slime Pits |   1317 |   1268 |     49 |    699 |      0 |   5 |  263.4 |
  Orcish Mines |   2824 |   2586 |    238 |    359 |   1511 |   2 | 1412.0 |
   Elven Halls |   5499 |   5242 |    257 |   2266 |    179 |   3 | 1833.0 |
        Vaults |  12013 |  11601 |    412 |   5158 |    695 |   5 | 2402.6 |
        Depths |  11150 |  10820 |    330 |   5625 |    148 |   5 | 2230.0 |
         Abyss |   5503 |   5503 |      0 |   2694 |      0 |   6 |  917.2 |
         Trove |    103 |    103 |      0 |      0 |      0 |   1 |  103.0 |
         Sewer |    954 |    954 |      0 |    341 |    260 |   1 |  954.0 |
      Ice Cave |    983 |    983 |      0 |    395 |     50 |   1 |  983.0 |
               +--------+--------+--------+--------+--------+-----+--------+

Top non-repeatable levels by time:
Vaults:5: 2950 daAuts
    D:11: 2890 daAuts
Vaults:4: 2731 daAuts
Depths:2: 2623 daAuts
Depths:3: 2558 daAuts
Vaults:1: 2405 daAuts
Depths:4: 2333 daAuts
   Elf:1: 2306 daAuts
     D:9: 2196 daAuts
    D:14: 2184 daAuts
 Snake:4: 2053 daAuts
Vaults:3: 2015 daAuts
 Abyss:2: 1968 daAuts
Shoals:3: 1946 daAuts
    D:13: 1923 daAuts
